cohdb
Replays
Latest Replays
All Replays
Popular Replays
Top Player Replays
Match Explorer
How It Works
Community
CoH3 Stats
Reddit
Sign in to upload your games and track your stats! →
Sign in with Steam
Match 41437941
Unlisted
Match 41437941
Overview
Messages
Build Orders
End
Kradschützen Motorcycle Team
Selects Panzerjäger Kommand Battlegroup
Selects Mine Fields
Panzergrenadier Squad
Panzergrenadier Squad
Construct Light Support Kompanie
MG34 Team
Fire Support Elements
Flakvierling Half-track
2.5-tonne Medical Truck
Panzerjäger Mechanized Group
Selects Defensive Positions
Selects Tank Busters
Pak 38 Anti-tank Gun Team
Construct Panzerarmee Kommand
Assault Mechanized Group
Panzer III L Medium Tank
MG34 Team
Panzer III L Medium Tank
Selects Crew Shock Tactics
Selects Butterfly Bomb Drop
Emergency Repair Kits
Vehicle Survival Package
Walking Stuka Rocket Launcher
Tomsch
WayTooTicklish
sw
Auxiliary Priest
0
0
Comments
sign in to comment!
No comments posted yet!